 Dungeon Crawl Stone Soup version 0.16-a0-3533-gc382f62 (webtiles) character file.

3246 Kemay the Nimble (level 9, 0/53 HPs)
             Began as an Octopode Transmuter on Jan 8, 2015.
             Was an Initiate of Sif Muna.
             Splashed by a jelly's acid (5 damage)
             ... on level 7 of the Dungeon.
             The game lasted 00:43:37 (10198 turns).

Kemay the Nimble (Octopode Transmuter)             Turns: 10198, Time: 00:43:37

Health: 0/53       AC:  2    Str:  9    XL:     9   Next: 99%
Magic:  11/14      EV: 39    Int: 19    God:    Sif Muna [......]
Gold:   328        SH:  0    Dex: 22    Spells: 3 memorised, 3 levels left

rFire  . . .     SeeInvis .       - Unarmed
rCold  . . .     Clarity  .     (shield currently unavailable)
rNeg   . . .     SustAb   .     (helmet currently unavailable)
rPois  x         Gourm    .     (no amulet)
rElec  .         Spirit   .     (no ring)
rCorr  .         Warding  .     (no ring)
rMut   .         Stasis   .     (no ring)
MR     .....                    (no ring)
Stlth  +++.......               (no ring)
                                (no ring)
                                (no ring)
                                (no ring)

@: agile, spider-form, not resistant to hostile enchantments, fairly stealthy
A: almost no armour, amphibious, 8 rings, (constrict 8), (camouflage 0),
(gelatinous body 0)
a: End Transformation, Renounce Religion


You were on level 7 of the Dungeon.
You worshipped Sif Muna.
Sif Muna was noncommittal.
You were not hungry.
You were a venomous arachnid creature.
You visited 2 branches of the dungeon, and saw 10 of its levels.
You also visited: Sewer.

You collected 328 gold pieces.

Inventory:

Missiles
 b - a throwing net (quivered)
Magical devices
 e - a wand of cold (0)
Scrolls
 j - 3 scrolls of teleportation
 k - 2 scrolls of fog
 o - 3 scrolls of enchant armour
 q - 6 scrolls of remove curse
Potions
 c - 3 potions of restore abilities
 f - a potion of ambrosia {unknown}
 i - a potion of decay {unknown}
 l - a potion of brilliance {unknown}
 m - 4 potions of curing
 p - a potion of mutation {unknown}
Books
 d - a book of Changes

   Spells                             Type                      Level
   a - Beastly Appendage              Transmutation                1
   b - Sticks to Snakes               Transmutation                2
   c - Spider Form                    Transmutation/Poison         3
   d - Ice Form                       Ice/Transmutation            4
   e - Blade Hands                    Transmutation                5
 s - a book of Hinderance

   Spells                             Type                      Level
   a - Confusing Touch                Hexes                        2
   b - Confuse                        Hexes                        3
   c - Petrify                        Transmutation/Earth          4
   d - Metabolic Englaciation         Hexes/Ice                    5
   e - Summon Mana Viper              Hexes/Summoning              5
   f - Gell's Gravitas                Hexes/Translocation          6
Miscellaneous
 n - a plain deck of escape
Comestibles
 a - 2 bread rations
 g - a beef jerky
 r - a meat ration
 t - a slice of pizza
 u - a chunk of flesh


   Skills:
 - Level 1.0 Fighting
 + Level 11.8 Dodging
 - Level 6.0 Unarmed Combat
 - Level 2.0 Spellcasting
 - Level 4.2 Transmutations
 - Level 2.1 Poison Magic


You had 3 spell levels left.
You knew the following spells:

 Your Spells              Type           Power        Failure   Level  Hunger
a - Beastly Appendage     Trmt           ###...       12%         1    #......
b - Spider Form           Trmt/Pois      ##........   32%         3    ###....
c - Blade Hands           Trmt           ###.......   95%         5    ######.


Dungeon Overview and Level Annotations

Branches:
Dungeon (9/15)             Temple (1/1) D:4
   Lair: D:8-11         Orc: D:9-12

Altars:
Ashenzari
Dithmenos
Elyvilon
Fedhas
Gozag
Kikubaaqudgha
Makhleb
Nemelex Xobeh
Okawaru
Ru
Sif Muna
Trog
Xom
Yredelemnul
Zin
The Shining One

Shops:
D:8 (

Annotations:
D:6 Grinder
D:7 Eustachio
D:8 Charly's ghost, experienced DrWz


Innate Abilities, Weirdness & Mutations

You cannot wear most types of armour.
You are amphibious.
You can wear up to eight rings at the same time.
((You can use your tentacles to constrict many enemies at once.))
((Your skin changes colour to match your surroundings (Stealth).))
((Your rubbery body absorbs attacks (AC +1).))


Message History

You kill the giant frog!
Your transformation has ended.
You hear a slurping noise.
Drink which item? (? for menu, Esc to quit)
You feel agile all of a sudden. The jelly misses you.
Casting: Spider Form
Confirm with . or Enter, or press ? or * to list all spells.
You turn into a venomous arachnid creature.
The jelly completely misses you.
You bite the jelly!
You kill the jelly!
You hit the jelly.
Your front legs burn!
* * * LOW HITPOINT WARNING * * *
The jelly is lightly wounded.
You barely miss the jelly.
The jelly is lightly wounded.
The jelly completely misses you.
You bite the jelly!
Your front legs burn!
You die...

.....# #.# .....# #.#
.....# #.# .....####.###
#.# ....>'....... ..#
.....####.### #.#######
#......... #.........
#.##.###########(#########
#.##.........).†s.........
#.######.########J##.....#
#.# #.# #o.#.....#. ..###
#.# ##.........
#.#.####.## #.......#.
#.........# ........#
#.#.####..# ##<......#
..........# #.......#
....######## #...###.


You could see a jelly and an orc.

Vanquished Creatures
  A hill giant (D:9)
  The ghost of Kemay the Insei, an experienced OpTm (D:4)
  A troll (D:9)
  An ice beast (D:5)
  A necrophage (D:7)
  5 centaurs
  2 giant frogs
  A big kobold (Sewer)
  A wyvern zombie (D:6)
  3 scorpions
  A killer bee (D:6)
  2 crimson imps
  A wasp zombie (D:6)
  3 hounds
  A giant frog zombie (D:6)
  2 jellies
  A centaur skeleton (D:6)
  3 orc priests
  4 orc wizards
  3 worker ants
  3 giant frog skeletons
  2 iguanas (D:5)
  Ijyb (D:4)
  A mummy (D:9)
  7 worker ant zombies
  8 gnolls
  12 adders
  A river rat (Sewer)
  2 shadow imps (D:5)
  4 giant mites
  4 worms (D:2)
  An adder skeleton (D:6)
  An iguana skeleton (D:5)
  7 giant geckos
  An ooze (D:2)
  16 orcs
  A bat skeleton (D:4)
  4 bat zombies
  5 giant cockroaches
  16 goblins
  13 hobgoblins
  12 jackals
  18 kobolds
  2 quokkas
  2 ball pythons (D:2)
  15 bats
  2 giant gecko skeletons
  4 giant newts
  2 quokka skeletons
  14 rats
219 creatures vanquished.

Vanquished Creatures (others)
  A plant (D:6)
1 creature vanquished.

Grand Total: 220 creatures vanquished

Notes
Turn   | Place    | Note
--------------------------------------------------------------
     0 | D:1      | Kemay, the Octopode Transmuter, began the quest for the Orb.
     0 | D:1      | Reached XP level 1. HP: 13/13 MP: 3/3
   252 | D:1      | Reached XP level 2. HP: 18/18 MP: 4/4
   774 | D:1      | Reached XP level 3. HP: 21/23 MP: 4/6
   781 | D:1      | Learned a level 3 spell: Spider Form
  2006 | D:2      | Reached skill level 1 in Poison Magic
  2172 | D:2      | Reached skill level 4 in Transmutations
  2172 | D:2      | Reached XP level 4. HP: 28/28 MP: 3/7
  2872 | D:3      | Found an iron altar of Okawaru.
  3063 | D:3      | Reached XP level 5. HP: 30/33 MP: 6/9
  3336 | D:3      | Found a glowing drain.
  3435 | D:3      | Reached XP level 6. HP: 24/38 MP: 4/10
  3443 | D:3      | Reached skill level 5 in Unarmed Combat
  3458 | Sewer    | Entered a sewer
  3994 | Sewer    | Found a glowing silver altar of Zin.
  4260 | D:3      | Found a white marble altar of Elyvilon.
  4260 | D:3      | Found a glowing golden altar of the Shining One.
  4260 | D:3      | Found a glowing silver altar of Zin.
  4363 | D:4      | Noticed Ijyb
  4380 | D:4      | Killed Ijyb
  4520 | D:4      | Reached skill level 6 in Unarmed Combat
  4587 | D:4      | Found a staircase to the Ecumenical Temple.
  4596 | Temple   | Entered the Ecumenical Temple
  4711 | Temple   | Became a worshipper of Sif Muna the Loreminder
  5223 | D:4      | Reached XP level 7. HP: 26/43 MP: 9/12
  5387 | D:4      | Noticed Kemay's ghost (experienced OpTm)
  5403 | D:4      | Killed Kemay's ghost
  5412 | D:5      | Entered Level 5 of the Dungeon
  5548 | D:5      | Reached skill level 5 in Dodging
  5804 | D:5      | Reached XP level 8. HP: 27/48 MP: 10/13
  5816 | D:5      | Found a sacrificial altar of Ru.
  6181 | D:5      | Reached skill level 7 in Dodging
  6297 | D:5      | Found a burning altar of Makhleb.
  6870 | D:5      | Reached skill level 8 in Dodging
  7123 | D:6      | Found a shadowy altar of Dithmenos.
  7277 | D:6      | Noticed Grinder
  7283 | D:6      | Found a sacrificial altar of Ru.
  7284 | D:6      | Found a shattered altar of Ashenzari.
  7304 | D:6      | Found an iron altar of Okawaru.
  7306 | D:6      | Found an opulent altar of Gozag.
  7816 | D:6      | Reached skill level 9 in Dodging
  7826 | D:6      | Reached XP level 9. HP: 45/53 MP: 3/14
  9147 | D:6      | You fall through a shaft for 3 floors!
  9163 | D:9      | Found a bloodstained altar of Trog.
  9190 | D:9      | Reached skill level 10 in Dodging
  9349 | D:9      | Noticed a hill giant
  9365 | D:9      | Killed a hill giant
  9365 | D:9      | Reached skill level 11 in Dodging
  9916 | D:8      | Noticed Charly's ghost (experienced DrWz)
 10025 | D:8      | Found Mystrimuy's Weapon Shoppe.
 10095 | D:7      | Learned a level 5 spell: Blade Hands
 10106 | D:7      | Noticed Eustachio
 10198 | D:7      | Splashed by a jelly's acid

Action                   |  1- 3 |  4- 6 |  7- 9 || total
-------------------------+-------+-------+-------++-------
Melee: Unarmed           |   136 |   207 |   380 ||   723
Throw: Throwing net      |       |       |     1 ||     1
 Cast: Beastly Appendage |    17 |     8 |     3 ||    28
       Spider Form       |     2 |    18 |    40 ||    60
 Abil: End Transformatio |     7 |     5 |     4 ||    16
Evoke: Wand              |       |       |     4 ||     4
  Use: Scroll            |    11 |     2 |     3 ||    16
       Potion            |       |     2 |    10 ||    12
 Stab: Sleeping          |     2 |     2 |     3 ||     7
       Distracted        |     1 |       |       ||     1
       Held in net/web   |       |       |     1 ||     1
  Eat: Chunk             |     5 |    12 |    17 ||    34
       Bread ration      |       |       |     1 ||     1
